Map: Frost LE

Players

Rail

  • Race: Protoss Protoss

FeaR - Winner!

  • Race: Protoss Protoss
  • League: Master

Event: DreamHack ZOWIE Open Valencia 2016

VOD

Have the link to the VOD?

Description

Time

  • Played on: July 14, 2016, 10:11 a.m.
  • Length: 12:08

All games in this series

Show
View Real Time Build Order
Export as new Build Order

Rail Protoss 

Build Orders: Phoenix Opening, Colossus Rush 

Get SALT Encoding   

  12  0:00  Probe (Chrono Boost)  
  13  0:11  Probe (Chrono Boost)  
  14  0:18  Pylon  
  14  0:22  Probe (Chrono Boost)  
  15  0:36  Probe (Chrono Boost)  
  15  0:37  Gateway  
  15  0:42  Assimilator  
  16  0:47  Probe (Chrono Boost)  
  17  0:58  Probe (Chrono Boost)  
  17  0:59  Assimilator  
  18  1:07  Gateway  
  18  1:08  Probe (Chrono Boost)  
  19  1:19  Probe (Chrono Boost)  
  20  1:25  Cybernetics Core  
  20  1:29  Probe (Chrono Boost)  
  21  1:34  Pylon  
  22  1:40  Probe (Chrono Boost)  
  22  1:50  Probe (Chrono Boost)  
  23  2:01  Probe (Chrono Boost)  
  24  2:02  Warp Gate  
  24  2:03  Stargate  
  24  2:04  Stalker  
  26  2:11  Probe (Chrono Boost)  
  27  2:17  Pylon  
  29  2:23  Mothership Core (Chrono Boost)  
  29  2:32  Stalker  
  31  2:42  Probe (Chrono Boost)  
  32  2:46  Phoenix  
  32  2:50  Pylon  
  34  2:54  Probe (Chrono Boost)  
  35  3:07  Pylon  
  35  3:08  Phoenix  
  37  3:26  Robotics Facility  
  37  3:45  Nexus  
  37  3:53  Phoenix  
  39  3:57  Probe (Chrono Boost)  
  40  4:08  Probe (Chrono Boost)  
  41  4:14  Pylon  
  41  4:18  Probe (Chrono Boost)  
  41  4:23  Immortal  
  46  4:29  Probe (Chrono Boost)  
  47  4:39  Probe (Chrono Boost)  
  47  4:43  Robotics Bay  
  48  4:47  Adept  
  50  4:55  Probe (Chrono Boost)  
  50  4:59  Probe (Chrono Boost)  
  52  5:06  Probe (Chrono Boost)  
  53  5:09  Immortal  
  53  5:11  Probe (Chrono Boost)  
  58  5:16  Probe (Chrono Boost)  
  59  5:21  Probe (Chrono Boost)  
  59  5:27  Probe (Chrono Boost)  
  59  5:28  Pylon  
  61  5:32  Probe (Chrono Boost)  
  62  5:37  Probe (Chrono Boost)  
  62  5:38  Assimilator x2  
  62  5:42  Pylon  
  64  5:43  Colossus, Probe (Chrono Boost)  
  64  5:48  Probe (Chrono Boost)  
  71  5:53  Probe (Chrono Boost)  
  72  5:57  Pylon  
  72  5:59  Probe (Chrono Boost)  
  72  6:01  Sentry  
  76  6:04  Probe (Chrono Boost)  
  76  6:10  Extended Thermal Lance  
  76  6:11  Gateway x2  
  76  6:14  Pylon  
  76  6:29  Gateway x2  
  76  6:35  Observer  
  77  6:42  Adept x2  
  81  6:48  Colossus  
  81  6:57  Pylon  
  81  6:58  Pylon  
  87  7:09  Sentry, Adept x3  
  95  7:23  Pylon  
  95  7:24  Pylon  
  95  7:26  Pylon  
  95  7:28  Pylon  
  95  7:35  Adept  
  95  7:36  Adept x2  
  101  7:37  Disruptor  
  104  7:45  Adept x3  
  110  7:53  Twilight Council  
  110  8:08  Disruptor  
  110  8:11  Zealot x3  
  119  8:20  Charge  
  119  8:21  Zealot x3  
  125  8:39  Disruptor  
  125  8:43  Pylon  
  128  8:52  Forge  
  128  9:02  Zealot x4, Templar Archives  
  135  9:07  Adept x2  
  139  9:13  Immortal  
  143  9:22  Protoss Ground Weapons Level 1  
  143  9:25  Photon Cannon  
  143  9:28  Photon Cannon  
  143  9:31  Pylon  
  143  9:44  High Templar x2  
  147  9:48  Phoenix  
  147  9:51  Archon, Warp Prism  
  151  10:06  Nexus  
  151  10:08  Pylon  
  151  10:09  Phoenix  
  147  10:32  Phoenix  
  147  10:45  Pylon  
  147  10:47  Pylon  
  147  10:49  Zealot x3, High Templar x2  
  157  10:50  Zealot  
  157  10:54  Phoenix  
  157  10:55  Archon  
  161  11:17  Phoenix  
  112  11:27  Zealot x3  
  117  11:33  Nexus  
  117  11:37  Zealot, High Templar x2  
  117  11:39  Phoenix  
  123  11:41  Archon  
  125  11:48  Zealot  
  127  11:59  Zealot  
  127  12:00  Zealot x2  
Show
View Real Time Build Order
Export as new Build Order

FeaR Protoss - Winner!

Build Orders:  

Get SALT Encoding   

  12  0:00  Probe (Chrono Boost)  
  13  0:11  Probe (Chrono Boost)  
  14  0:17  Pylon  
  14  0:22  Probe (Chrono Boost)  
  16  0:35  Probe (Chrono Boost)  
  16  0:36  Gateway  
  16  0:46  Probe (Chrono Boost)  
  16  0:47  Assimilator  
  17  0:53  Assimilator  
  17  0:57  Probe (Chrono Boost)  
  18  1:07  Probe (Chrono Boost)  
  18  1:10  Gateway  
  19  1:18  Probe (Chrono Boost)  
  20  1:23  Cybernetics Core  
  20  1:28  Probe (Chrono Boost)  
  21  1:33  Pylon  
  21  1:39  Probe (Chrono Boost)  
  22  1:47  Warp Gate  
  22  1:49  Probe (Chrono Boost)  
  23  2:00  Stalker  
  25  2:02  Stalker  
  27  2:12  Mothership Core (Chrono Boost)  
  29  2:16  Pylon  
  29  2:31  Probe (Chrono Boost)  
  29  2:34  Stalker  
  29  2:35  Sentry  
  34  2:43  Probe (Chrono Boost)  
  35  2:56  Probe (Chrono Boost)  
  35  3:04  Nexus  
  35  3:10  Pylon  
  35  3:14  Sentry  
  35  3:16  Probe (Chrono Boost)  
  38  3:26  Probe (Chrono Boost)  
  39  3:31  Robotics Facility  
  39  3:37  Probe (Chrono Boost)  
  40  3:47  Probe (Chrono Boost)  
  41  3:52  Stalker  
  43  3:58  Probe (Chrono Boost)  
  42  4:05  Forge  
  42  4:08  Probe (Chrono Boost)  
  43  4:10  Stalker  
  43  4:16  Probe (Chrono Boost)  
  46  4:19  Probe (Chrono Boost)  
  47  4:24  Protoss Ground Weapons Level 1  
  47  4:27  Probe (Chrono Boost)  
  47  4:28  Observer  
  47  4:30  Probe (Chrono Boost)  
  50  4:37  Probe (Chrono Boost)  
  51  4:42  Probe (Chrono Boost)  
  52  4:48  Probe (Chrono Boost)  
  52  4:49  Observer  
  54  4:52  Stalker  
  54  4:53  Stalker  
  54  4:54  Probe (Chrono Boost)  
  54  4:58  Probe (Chrono Boost)  
  58  5:06  Probe (Chrono Boost)  
  59  5:07  Pylon  
  59  5:09  Probe (Chrono Boost)  
  60  5:18  Probe (Chrono Boost)  
  60  5:19  Probe (Chrono Boost)  
  62  5:23  Assimilator  
  62  5:26  Assimilator  
  66  5:30  Probe x2 (Chrono Boost)  
  68  5:40  Probe (Chrono Boost)  
  68  5:42  Probe (Chrono Boost)  
  70  5:43  Robotics Bay  
  70  5:45  Pylon  
  70  5:49  Robotics Facility  
  66  5:54  Probe x2 (Chrono Boost)  
  68  5:57  Pylon  
  68  6:00  Gateway  
  68  6:02  Gateway  
  68  6:04  Probe (Chrono Boost)  
  68  6:10  Pylon  
  69  6:15  Gateway  
  69  6:16  Pylon  
  69  6:25  Stalker x2, Disruptor  
  73  6:31  Disruptor  
  76  6:36  Pylon  
  79  6:43  Pylon  
  79  6:56  Disruptor  
  79  6:57  Nexus  
  82  7:02  Disruptor  
  82  7:04  Stalker x2  
  88  7:18  Pylon  
  88  7:19  Stalker  
  88  7:20  Stalker x2  
  94  7:27  Disruptor  
  97  7:38  Adept x2  
  97  7:44  Pylon  
  100  7:45  Pylon  
  100  7:47  Adept x2, Disruptor  
  104  7:55  Adept  
  109  7:59  Pylon  
  108  8:07  Stalker x2  
  108  8:08  Stalker  
  114  8:16  Disruptor  
  114  8:22  Nexus  
  117  8:28  Adept x2  
  117  8:33  Immortal  
  121  8:35  Pylon  
  125  8:49  Adept  
  125  8:50  Adept x2  
  131  8:57  Stalker  
  133  9:07  Adept  
  135  9:17  Twilight Council  
  135  9:18  Adept x2  
  135  9:22  Photon Cannon  
  135  9:23  Photon Cannon  
  139  9:36  Stalker x2  
  143  9:39  Blink  
  143  9:47  Immortal  
  147  10:03  Stalker x3  
  153  10:24  Disruptor  
  154  10:38  Templar Archives  
  154  10:42  Gateway  
  150  10:44  Adept  
  150  10:45  Adept x4  
  150  10:46  Photon Cannon  
  156  11:06  Adept  
  156  11:07  Adept x3  
  156  11:08  Disruptor  
  145  11:25  Adept  
  136  11:26  Immortal  
  136  11:32  Stalker x2  
  119  12:07  Stalker x6  

Tags
 
Add a new tag
Caveats
  • Supply blocks, unpowered buildings, or Contaminate may cause inaccurate times.
  • Supply counts are checked every 10 seconds.